Blue Jackets vs Nordiques
(R3)
Created - January 26, 2018 at 19:26
Goals
|
Blue Jackets |
2 |
1 |
0 |
3 |
Nordiques |
0 |
1 |
1 |
2 |
|
Shots
|
Blue Jackets |
9 |
10 |
4 |
23 |
Nordiques |
10 |
8 |
6 |
24 |
|
1st period
1. Blue Jackets , Pavel Datsyuk 24 (Martin Havlat 25) at 6:26
2. Blue Jackets , Jan Bulis 5 (Mike York 19, Torey Krug 7) at 16:58
Penalties :
Pavel Datsyuk (Clb) for Interference (Minor) at 6:48, R.J. Umberger (Que) for Interference (Minor) at 10:11
2nd period
3. Blue Jackets , Peter Worrell 6 (Pavel Datsyuk 39, Mike Lundin 12) at 0:10
4. Nordiques , R.J. Umberger 15 (Daniel Briere 34, Ryan Ellis 27) at 14:39
Penalties :
Marek Svatos (Que) for Roughing (Minor) at 0:17, Mike Brown (Clb) for Hooking (Minor) at 6:16, R.J. Umberger (Que) for Fighting (Major) at 14:40, Peter Worrell (Clb) for Fighting (Major) at 14:40, Jeff Taffe (Clb) for Tripping (Minor) at 15:46, Pavel Datsyuk (Clb) for Holding (Minor) at 16:08
3rd period
5. Nordiques , Jean-Pierre Dumont 7 (Matt Moulson 11) at 2:21
Penalties :
Kyle Calder (Que) for High sticking (Minor) at 3:05, R.J. Umberger (Que) for Roughing (Minor) at 8:00, Dustin Byfuglien (Que) for Roughing (Minor) at 12:01
Goalie Stats
Rick DiPietro (Clb), 22 saves from 24 shots - (0.917), W, 19-15-2, 60:00 minutes
Jonathan Quick (Que), 20 saves from 23 shots - (0.870), L, 19-12-4, 59:47 minutes
Players Stats for Blue Jackets
Player Name G A P +/- PIM S H SB GA TA FO MP PP MP PK MP
------------------------------------------------------------------------------------
A.J Thelen 0 0 0 1 0 0 1 0 0 2 0/0 15:33 1:48 1:32
Andreas Nodl 0 0 0 0 0 1 1 1 0 0 1/1 10:58 0:00 2:03
Antti Miettinen 0 0 0 0 0 0 2 0 0 0 0/0 10:37 0:03 0:53
David Booth 0 0 0 0 0 0 3 1 0 0 0/0 18:40 5:05 0:58
Jan Bulis 1 0 1 0 0 2 3 0 0 0 2/3 16:21 4:40 2:19
Jeff Taffe 0 0 0 0 2 0 1 0 0 0 0/0 9:31 0:10 0:22
Kevin Bieksa 0 0 0 -1 0 1 1 2 2 0 0/0 21:19 4:51 0:17
Kevin Porter 0 0 0 0 0 1 1 0 1 0 1/2 8:37 0:00 0:41
Martin Havlat 0 1 1 1 0 4 3 1 0 0 2/2 22:06 5:05 2:29
Mike Brown 0 0 0 0 2 3 1 0 1 1 0/0 17:04 4:40 0:00
Mike Commodore 0 0 0 -1 0 0 1 0 0 0 0/0 22:28 3:15 3:56
Mike Lundin 0 1 1 1 0 1 0 1 0 0 0/0 13:43 2:18 2:24
Mike York 0 1 1 0 0 4 0 0 2 0 0/0 11:13 0:13 0:00
Pavel Datsyuk 1 1 2 1 4 3 3 0 0 0 15/39 21:19 5:09 1:15
Peter Mueller 0 0 0 0 0 1 0 0 0 0 3/9 12:53 0:00 0:00
Peter Worrell 1 0 1 1 5 1 2 1 0 0 0/0 17:07 4:40 0:00
Tim Ramholt 0 0 0 1 0 1 0 1 0 1 0/0 20:47 3:34 2:11
Torey Krug 0 1 1 1 0 0 2 0 1 2 0/0 21:43 4:04 2:18
Players Stats for Nordiques
Player Name G A P +/- PIM S H SB GA TA FO MP PP MP PK MP
------------------------------------------------------------------------------------
Bruno Gervais 0 0 0 -2 0 1 0 2 1 0 0/0 12:05 0:00 0:09
Chris Drury 0 0 0 0 0 0 3 0 0 0 5/9 16:41 2:52 3:12
Daniel Briere 0 1 1 -1 0 2 4 0 0 0 23/39 22:56 3:27 5:20
Dustin Byfuglien 0 0 0 0 2 1 1 2 0 2 0/0 20:34 2:44 4:04
Jean-Pierre Dumont 1 0 1 1 0 3 2 1 1 0 0/0 11:08 0:52 0:00
Kyle Calder 0 0 0 0 2 2 4 1 1 0 0/0 15:43 2:52 1:55
Marek Svatos 0 0 0 -1 2 2 3 0 0 1 0/0 21:52 3:27 4:08
Mark Eaton 0 0 0 1 0 0 2 0 1 1 0/0 26:37 3:35 4:56
Matt Gilroy 0 0 0 -2 0 0 1 2 0 0 0/0 12:39 0:00 0:46
Matt Moulson 0 1 1 1 0 2 1 0 0 0 0/1 10:46 0:30 0:27
Michael Ryder 0 0 0 -1 0 3 0 0 0 0 0/0 8:53 0:00 0:00
Nikolai Kulemin 0 0 0 -1 0 0 0 0 0 0 0/0 8:53 0:00 0:00
Paul Gaustad 0 0 0 1 0 0 2 0 0 0 1/2 12:24 0:00 2:17
R.J. Umberger 1 0 1 -1 9 2 0 1 1 0 1/2 15:48 2:05 0:00
Rich Peverley 0 0 0 -1 0 1 0 0 0 1 2/3 8:53 0:00 0:00
Ryan Ellis 0 1 1 1 0 0 0 1 0 2 0/0 26:37 3:35 4:56
T.J. Fast 0 0 0 0 0 1 1 0 1 0 0/0 21:30 2:44 4:59
Vladimir Tarasenko 0 0 0 0 0 4 1 0 0 0 0/0 16:00 2:52 2:31
3 Stars
1 - Jan Bulis (Clb)
2 - Jean-Pierre Dumont (Que)
3 - Pavel Datsyuk (Clb)
Power Play
Blue Jackets - 0 on 5 Attempt(s) - 0.00%
Nordiques - 0 on 4 Attempt(s) - 0.00%
Penalty Kill
Blue Jackets - 4 on 4 Attempt(s) - 100.00%
- Score 0 goal in Penalty Kill
Nordiques - 5 on 5 Attempt(s) - 100.00%
- Score 0 goal in Penalty Kill
Team Stat
Blue Jackets - Hits : 25 - Faceoff Wins : 24 - Blocked Shots : 8 - Penalty Minutes : 13
Nordiques - Hits : 25 - Faceoff Wins : 32 - Blocked Shots : 10 - Penalty Minutes : 15
Official
Referees : Morton Dean and Peel Tim
Linesman : Brad Lazarowich and Jean Morin
Game Notes
Mike Lundin is injured at 11:40 of 2nd period (Right Hand)
Peter Worrell beats up R.J. Umberger at 14:40 of 2nd period
Kevin Bieksa is injured at 11:03 of 3rd period (Groin)
Finance
Level 1 -- Attendance: 3926 (65.43%) -- Ticket Income $412,230
Level 2 -- Attendance: 3621 (72.42%) -- Ticket Income $235,365
Level 3 -- Attendance: 1311 (65.55%) -- Ticket Income $60,306
Level 4 -- Attendance: 2455 (61.38%) -- Ticket Income $85,925
Luxury Box -- Attendance: 796 (79.60%) -- Ticket Income $131,340
Game was played at the Centre Videotron.
Total Attendance: 12109 (67.27%)
Total Ticket Income: $925,166
Other Income: $138,775
Total Income: $1,063,941
Blue Jackets
5 vs 5 Forward
Center Left Wing Right Wing Time % Phy DF OF
1 Pavel Datsyuk Peter Worrell Martin Havlat 40 1 2 2
2 Peter Mueller David Booth Mike Brown 35 1 2 2
3 Jan Bulis Mike York Andreas Nodl 15 1 2 2
4 Kevin Porter Jeff Taffe Antti Miettinen 10 1 2 2
5 vs 5 Defense
Defense Defense Time % Phy DF OF
1 Mike Lundin Kevin Bieksa 40 1 2 2
2 Tim Ramholt Torey Krug 30 1 2 2
3 Mike Commodore A.J Thelen 20 1 2 2
4 Torey Krug Kevin Bieksa 10 1 2 2
PowerPlay Forward
Center Left Wing Right Wing Time % Phy DF OF
1 Pavel Datsyuk David Booth Martin Havlat 60 1 2 2
2 Jan Bulis Peter Worrell Mike Brown 40 1 2 2
PowerPlay Defense
Defense Defense Time % Phy DF OF
1 Mike Lundin Kevin Bieksa 60 1 2 2
2 Tim Ramholt Torey Krug 40 1 2 2
Penalty Kill 4 Players Forward
Center Wing Time % Phy DF OF
1 Pavel Datsyuk Martin Havlat 60 1 2 2
2 Jan Bulis Antti Miettinen 40 1 2 2
Penalty Kill 4 Players Defense
Defense Defense Time % Phy DF OF
1 Mike Commodore Mike Lundin 60 1 2 2
2 Tim Ramholt Torey Krug 40 1 2 2
Penalty Kill - 3 Players Forward
Forward Time % Phy DF OF
1 Pavel Datsyuk 60 1 2 2
2 Jan Bulis 40 1 2 2
Penalty Kill - 3 Players Defense
Defense Defense Time % Phy DF OF
1 Mike Commodore Mike Lundin 60 1 2 2
2 Tim Ramholt Torey Krug 40 1 2 2
4 vs 4 Forward
Center Wing Time % Phy DF OF
1 Pavel Datsyuk Martin Havlat 60 1 2 2
2 Peter Mueller David Booth 40 1 2 2
4 vs 4 Defense
Defense Defense Time % Phy DF OF
1 Mike Lundin Kevin Bieksa 60 1 2 2
2 Tim Ramholt Torey Krug 40 1 2 2
Last Minutes Offensive
Center Left Wing Right Wing Defense Defense
Pavel Datsyuk David Booth Martin Havlat Mike Lundin Kevin Bieksa
Last Minutes Defensive
Center Left Wing Right Wing Defense Defense
Pavel Datsyuk David Booth Martin Havlat Mike Lundin Kevin Bieksa
Goaltenders
Starting : Rick DiPietro
Backup : Keith Kinkaid
Extra Forwards
Normal : Mike York, Jeff Taffe, Andreas Nodl - PP : Mike York, Jeff Taffe - PK : Andreas Nodl
Extra Defensemen
Normal : Mike Commodore, A.J Thelen, Tim Ramholt - PP : Mike Commodore - PK : A.J Thelen, Tim Ramholt
Penalty Shots
David Booth, Martin Havlat, Pavel Datsyuk, Peter Worrell, Mike York
Scratches
Branislav Mezei (Left Eye Injury), Dave Steckel (Healthy)
Nordiques
5 vs 5 Forward
Center Left Wing Right Wing Time % Phy DF OF
1 Daniel Briere R.J. Umberger Marek Svatos 40 1 2 2
2 Chris Drury Kyle Calder Vladimir Tarasenko 30 1 2 2
3 Paul Gaustad Matt Moulson Jean-Pierre Dumont 20 1 2 2
4 Rich Peverley Nikolai Kulemin Michael Ryder 10 1 2 2
5 vs 5 Defense
Defense Defense Time % Phy DF OF
1 Ryan Ellis Mark Eaton 40 1 2 2
2 Dustin Byfuglien T.J. Fast 30 1 2 2
3 Bruno Gervais Matt Gilroy 20 1 2 2
4 Ryan Ellis Mark Eaton 10 1 2 2
PowerPlay Forward
Center Left Wing Right Wing Time % Phy DF OF
1 Daniel Briere R.J. Umberger Marek Svatos 60 1 2 2
2 Chris Drury Kyle Calder Vladimir Tarasenko 40 1 2 2
PowerPlay Defense
Defense Defense Time % Phy DF OF
1 Ryan Ellis Mark Eaton 60 1 2 2
2 Dustin Byfuglien T.J. Fast 40 1 2 2
Penalty Kill 4 Players Forward
Center Wing Time % Phy DF OF
1 Daniel Briere Marek Svatos 60 1 2 2
2 Vladimir Tarasenko Chris Drury 40 1 2 2
Penalty Kill 4 Players Defense
Defense Defense Time % Phy DF OF
1 Ryan Ellis Mark Eaton 60 1 2 2
2 Dustin Byfuglien T.J. Fast 40 1 2 2
Penalty Kill - 3 Players Forward
Forward Time % Phy DF OF
1 Daniel Briere 60 1 2 2
2 Marek Svatos 40 1 2 2
Penalty Kill - 3 Players Defense
Defense Defense Time % Phy DF OF
1 Ryan Ellis Mark Eaton 60 1 2 2
2 Dustin Byfuglien T.J. Fast 40 1 2 2
4 vs 4 Forward
Center Wing Time % Phy DF OF
1 Daniel Briere Marek Svatos 60 1 2 2
2 Vladimir Tarasenko Chris Drury 40 1 2 2
4 vs 4 Defense
Defense Defense Time % Phy DF OF
1 Ryan Ellis Mark Eaton 60 1 2 2
2 Dustin Byfuglien T.J. Fast 40 1 2 2
Last Minutes Offensive
Center Left Wing Right Wing Defense Defense
Daniel Briere R.J. Umberger Marek Svatos Ryan Ellis Mark Eaton
Last Minutes Defensive
Center Left Wing Right Wing Defense Defense
Daniel Briere R.J. Umberger Marek Svatos Ryan Ellis Mark Eaton
Goaltenders
Starting : Jonathan Quick
Backup : Julien Ellis
Extra Forwards
Normal : Jean-Pierre Dumont, Matt Moulson, Paul Gaustad - PP : Jean-Pierre Dumont, Matt Moulson - PK : Paul Gaustad
Extra Defensemen
Normal : Bruno Gervais, Matt Gilroy, Dustin Byfuglien - PP : Bruno Gervais - PK : Matt Gilroy, Dustin Byfuglien
Penalty Shots
Daniel Briere, Marek Svatos, Vladimir Tarasenko, Chris Drury, R.J. Umberger
Scratches
Fedor Tyutin (Sprained Left Knee Injury)
% Time on Ice - Blue Jackets
Lines # - Real PCT - Wanted PCT - Time Play
Normal Forward
1 - 32% - 40% - 13:46
2 - 33% - 35% - 13:56
3 - 18% - 15% - 7:46
4 - 17% - 10% - 7:03
Normal Defense
1 - 47% - 40% - 20:04
2 - 30% - 30% - 12:44
3 - 18% - 20% - 7:35
4 - 5% - 10% - 2:08
PP Forward
1 - 53% - 60% - 5:15
2 - 47% - 40% - 4:40
PP Defense
1 - 69% - 60% - 6:50
2 - 31% - 40% - 3:05
PK Forward
1 - 81% - 60% - 3:49
2 - 19% - 40% - 0:53
PK Defense
1 - 65% - 60% - 3:03
2 - 35% - 40% - 1:39
PK3 Forward
1 - 100% - 60% - 1:37
2 - 0% - 40% - 0:00
PK3 Defense
1 - 72% - 60% - 1:10
2 - 28% - 40% - 0:27
44 Forward
1 - 0% - 60%
2 - 0% - 40%
44 Defense
1 - 0% - 60%
2 - 0% - 40%
Last Minute Offensive - 0:00
Last Minute Defensive - 1:15
Total
Forward - 60:00
Defense - 60:00
|
% Time on Ice - Nordiques
Lines # - Real PCT - Wanted PCT - Time Play
Normal Forward
1 - 32% - 40% - 13:30
2 - 25% - 30% - 10:37
3 - 22% - 20% - 9:34
4 - 21% - 10% - 8:53
Normal Defense
1 - 40% - 40% - 16:52
2 - 32% - 30% - 13:27
3 - 28% - 20% - 11:53
4 - 1% - 10% - 0:22
PP Forward
1 - 55% - 60% - 3:27
2 - 45% - 40% - 2:52
PP Defense
1 - 57% - 60% - 3:35
2 - 43% - 40% - 2:44
PK Forward
1 - 75% - 60% - 7:24
2 - 25% - 40% - 2:31
PK Defense
1 - 50% - 60% - 4:56
2 - 50% - 40% - 4:59
PK3 Forward
1 - 0% - 60%
2 - 0% - 40%
PK3 Defense
1 - 0% - 60%
2 - 0% - 40%
44 Forward
1 - 0% - 60%
2 - 0% - 40%
44 Defense
1 - 0% - 60%
2 - 0% - 40%
Last Minute Offensive - 1:12
Last Minute Defensive - 0:00
Total
Forward - 60:00
Defense - 60:00
|
Play by Play
1st period
0:01 of 1st period - Martin Havlat wins face-off versus Daniel Briere in neutral zone.
0:08 of 1st period - Backhand shot by Martin Havlat.
0:08 of 1st period - Stopped by Jonathan Quick with a rebound.
0:17 of 1st period - Off-side.
0:18 of 1st period - Chris Drury wins face-off versus Peter Mueller in neutral zone.
0:46 of 1st period - Snap shot by Matt Moulson.
0:46 of 1st period - Stopped by Rick DiPietro without a rebound.
0:47 of 1st period - Jan Bulis wins face-off versus Matt Moulson in Blue Jackets zone.
1:47 of 1st period - Slapshot by Mike York.
1:47 of 1st period - Shot Blocked by Matt Gilroy.
1:52 of 1st period - Off-side.
1:53 of 1st period - Daniel Briere wins face-off versus Pavel Datsyuk in neutral zone.
2:22 of 1st period - Snap shot by Kyle Calder.
2:22 of 1st period - Stopped by Rick DiPietro with a rebound.
3:07 of 1st period - Mike Commodore is hit by Daniel Briere and loses puck.
3:34 of 1st period - Kyle Calder is hit by Kevin Bieksa and loses puck.
4:32 of 1st period - Backhand shot by Vladimir Tarasenko.
4:32 of 1st period - Stopped by Rick DiPietro with a rebound.
4:34 of 1st period - Slapshot by Vladimir Tarasenko.
4:34 of 1st period - Stopped by Rick DiPietro with a rebound.
4:36 of 1st period - Wrist shot by Chris Drury.
4:36 of 1st period - Shot Blocked by Mike Lundin.
4:38 of 1st period - Slapshot by Bruno Gervais.
4:38 of 1st period - Deflect By Kevin Bieksa.
4:38 of 1st period - Stopped by Rick DiPietro with a rebound.
6:09 of 1st period - Torey Krug is hit by Paul Gaustad and loses puck.
6:20 of 1st period - Wrist shot by Mike York.
6:20 of 1st period - Deflect By Jan Bulis.
6:20 of 1st period - Shot Misses the Net.
6:20 of 1st period - Puck is out of play.
6:21 of 1st period - Pavel Datsyuk wins face-off versus Daniel Briere in Nordiques zone.
6:26 of 1st period - Wrist shot by Pavel Datsyuk.
6:26 of 1st period - Goal by Pavel Datsyuk - Blue Jackets : 1 - Nordiques : 0.
6:27 of 1st period - Daniel Briere wins face-off versus Pavel Datsyuk in neutral zone.
6:48 of 1st period - Minor Penalty to Pavel Datsyuk for Interference.
6:49 of 1st period - Martin Havlat wins face-off versus Daniel Briere in Blue Jackets zone.
7:00 of 1st period - Snap shot by R.J. Umberger.
7:00 of 1st period - Shot Misses the Net.
7:02 of 1st period - Snap shot by R.J. Umberger.
7:02 of 1st period - Stopped by Rick DiPietro with a rebound.
7:21 of 1st period - Martin Havlat is hit by Marek Svatos.
7:25 of 1st period - Wrist shot by Daniel Briere.
7:25 of 1st period - Stopped by Rick DiPietro without a rebound.
7:26 of 1st period - Jan Bulis wins face-off versus Chris Drury in Blue Jackets zone.
7:26 of 1st period - Jan Bulis is hit by Vladimir Tarasenko.
8:48 of 1st period - Penalty to Pavel Datsyuk is over, Pavel Datsyuk is back on ice.
9:02 of 1st period - Rich Peverley is hit by Antti Miettinen and loses puck.
9:37 of 1st period - Wrist shot by Pavel Datsyuk.
9:37 of 1st period - Stopped by Jonathan Quick without a rebound.
9:38 of 1st period - Rich Peverley wins face-off versus Pavel Datsyuk in Nordiques zone.
10:06 of 1st period - Wrist shot by Martin Havlat.
10:06 of 1st period - Stopped by Jonathan Quick without a rebound.
10:07 of 1st period - R.J. Umberger wins face-off versus Peter Mueller in Nordiques zone.
10:11 of 1st period - Minor Penalty to R.J. Umberger for Interference.
10:12 of 1st period - Daniel Briere wins face-off versus Pavel Datsyuk in Nordiques zone.
10:12 of 1st period - Daniel Briere is hit by Martin Havlat.
10:22 of 1st period - Daniel Briere is hit by Martin Havlat and loses puck.
10:46 of 1st period - Slapshot by Kevin Bieksa.
10:46 of 1st period - Shot Misses the Net.
11:52 of 1st period - Mike Lundin is hit by Mark Eaton and loses puck.
12:11 of 1st period - Penalty to R.J. Umberger is over, R.J. Umberger is back on ice.
13:47 of 1st period - Snap shot by Vladimir Tarasenko.
13:47 of 1st period - Stopped by Rick DiPietro with a rebound.
14:16 of 1st period - Michael Ryder is hit by Mike Brown and loses puck.
14:50 of 1st period - Off-side.
14:51 of 1st period - Pavel Datsyuk wins face-off versus Paul Gaustad in neutral zone.
15:00 of 1st period - Wrist shot by Jean-Pierre Dumont.
15:00 of 1st period - Stopped by Rick DiPietro with a rebound.
16:03 of 1st period - Off-side.
16:04 of 1st period - Pavel Datsyuk wins face-off versus Chris Drury in neutral zone.
16:50 of 1st period - Snap shot by Jan Bulis.
16:50 of 1st period - Shot Blocked by Bruno Gervais.
16:52 of 1st period - Snap shot by Andreas Nodl.
16:52 of 1st period - Shot Misses the Net.
16:56 of 1st period - Slapshot by Mike York.
16:56 of 1st period - Stopped by Jonathan Quick with a rebound.
16:58 of 1st period - Wrist shot by Jan Bulis.
16:58 of 1st period - Goal by Jan Bulis - Blue Jackets : 2 - Nordiques : 0.
16:59 of 1st period - Pavel Datsyuk wins face-off versus Daniel Briere in neutral zone.
17:04 of 1st period - Snap shot by Martin Havlat.
17:04 of 1st period - Stopped by Jonathan Quick without a rebound.
17:05 of 1st period - Pavel Datsyuk wins face-off versus Daniel Briere in Nordiques zone.
17:41 of 1st period - Slapshot by Chris Drury.
17:41 of 1st period - Shot Blocked by David Booth.
18:37 of 1st period - Bruno Gervais is hit by Antti Miettinen and loses puck.
18:42 of 1st period - Slapshot by Kevin Bieksa.
18:42 of 1st period - Shot Blocked by R.J. Umberger.
18:44 of 1st period - Slapshot by Kevin Bieksa.
18:44 of 1st period - Stopped by Jonathan Quick with a rebound.
19:03 of 1st period - Wrist shot by Mike Brown.
19:03 of 1st period - Shot Blocked by Matt Gilroy.
19:41 of 1st period - Wrist shot by Rich Peverley.
19:41 of 1st period - Stopped by Rick DiPietro without a rebound.
19:42 of 1st period - Peter Mueller wins face-off versus Daniel Briere in Blue Jackets zone.
19:51 of 1st period - Wrist shot by Peter Mueller.
19:51 of 1st period - Stopped by Jonathan Quick without a rebound.
19:52 of 1st period - Peter Mueller wins face-off versus Daniel Briere in Nordiques zone.
Goals for this period are 2 for Blue Jackets vs 0 for Nordiques.
Shots for this period are 9 for Blue Jackets vs 10 for Nordiques.
2nd period
0:01 of 2nd period - Pavel Datsyuk wins face-off versus Daniel Briere in neutral zone.
0:08 of 2nd period - Wrist shot by Pavel Datsyuk.
0:08 of 2nd period - Shot Misses the Net.
0:10 of 2nd period - Snap shot by Peter Worrell.
0:10 of 2nd period - Goal by Peter Worrell - Blue Jackets : 3 - Nordiques : 0.
0:11 of 2nd period - Pavel Datsyuk wins face-off versus Daniel Briere in neutral zone.
0:17 of 2nd period - Minor Penalty to Marek Svatos for Roughing.
0:18 of 2nd period - Daniel Briere wins face-off versus Pavel Datsyuk in Nordiques zone.
0:48 of 2nd period - Ryan Ellis is hit by Peter Worrell and loses puck.
1:22 of 2nd period - Icing by Mike Brown.
1:23 of 2nd period - Pavel Datsyuk wins face-off versus Chris Drury in Blue Jackets zone.
1:23 of 2nd period - Pavel Datsyuk is hit by Kyle Calder.
1:49 of 2nd period - Wrist shot by Paul Gaustad.
1:49 of 2nd period - Shot Misses the Net.
2:17 of 2nd period - Penalty to Marek Svatos is over, Marek Svatos is back on ice.
2:25 of 2nd period - Wrist shot by Marek Svatos.
2:25 of 2nd period - Stopped by Rick DiPietro without a rebound.
2:26 of 2nd period - Kevin Porter wins face-off versus Rich Peverley in Blue Jackets zone.
4:09 of 2nd period - Wrist shot by Peter Mueller.
4:09 of 2nd period - Shot Misses the Net.
4:11 of 2nd period - Backhand shot by Torey Krug.
4:11 of 2nd period - Shot Misses the Net.
4:13 of 2nd period - Snap shot by Peter Mueller.
4:13 of 2nd period - Shot Blocked by Kyle Calder.
4:15 of 2nd period - Slapshot by Tim Ramholt.
4:15 of 2nd period - Stopped by Jonathan Quick without a rebound.
4:16 of 2nd period - Daniel Briere wins face-off versus Pavel Datsyuk in Nordiques zone.
4:43 of 2nd period - Mike Commodore is hit by Chris Drury and loses puck.
5:10 of 2nd period - Matt Gilroy is hit by Jan Bulis and loses puck.
5:29 of 2nd period - Peter Worrell is hit by Daniel Briere and loses puck.
5:50 of 2nd period - Wrist shot by Mike Lundin.
5:50 of 2nd period - Stopped by Jonathan Quick with a rebound.
5:54 of 2nd period - Snap shot by Mike Brown.
5:54 of 2nd period - Stopped by Jonathan Quick with a rebound.
5:56 of 2nd period - Snap shot by Mike Brown.
5:56 of 2nd period - Stopped by Jonathan Quick without a rebound.
5:57 of 2nd period - Peter Mueller wins face-off versus Chris Drury in Nordiques zone.
6:08 of 2nd period - Slapshot by Chris Drury.
6:08 of 2nd period - Shot Misses the Net.
6:10 of 2nd period - Slapshot by T.J. Fast.
6:10 of 2nd period - Stopped by Rick DiPietro with a rebound.
6:16 of 2nd period - Minor Penalty to Mike Brown for Hooking.
6:17 of 2nd period - Daniel Briere wins face-off versus Pavel Datsyuk in Blue Jackets zone.
6:30 of 2nd period - Snap shot by Mark Eaton.
6:30 of 2nd period - Shot Misses the Net.
6:32 of 2nd period - Wrist shot by Daniel Briere.
6:32 of 2nd period - Shot Misses the Net.
7:21 of 2nd period - T.J. Fast is hit by Torey Krug and loses puck.
8:16 of 2nd period - Penalty to Mike Brown is over, Mike Brown is back on ice.
8:23 of 2nd period - Jeff Taffe is hit by T.J. Fast and loses puck.
8:30 of 2nd period - T.J. Fast is hit by Kevin Porter and loses puck.
8:37 of 2nd period - Kevin Bieksa is hit by Matt Moulson and loses puck.
9:12 of 2nd period - Daniel Briere is hit by Jan Bulis and loses puck.
9:58 of 2nd period - Matt Moulson is hit by David Booth and loses puck.
10:09 of 2nd period - Wrist shot by Mike York.
10:09 of 2nd period - Shot Blocked by Jean-Pierre Dumont.
10:11 of 2nd period - Slapshot by Mike York.
10:11 of 2nd period - Stopped by Jonathan Quick without a rebound.
10:12 of 2nd period - Daniel Briere wins face-off versus Jan Bulis in Nordiques zone.
10:12 of 2nd period - R.J. Umberger is hit by A.J Thelen and loses puck.
10:46 of 2nd period - Vladimir Tarasenko is hit by Pavel Datsyuk and loses puck.
11:05 of 2nd period - Wrist shot by Rich Peverley.
11:05 of 2nd period - Shot Misses the Net.
11:30 of 2nd period - Off-side.
11:31 of 2nd period - Daniel Briere wins face-off versus Pavel Datsyuk in neutral zone.
11:39 of 2nd period - Mike Lundin is hit by Dustin Byfuglien.
11:40 of 2nd period - Mike Lundin from Blue Jackets is injured at 11:40 of 2nd period (Right Hand).
11:41 of 2nd period - Pavel Datsyuk wins face-off versus Daniel Briere in Nordiques zone.
11:46 of 2nd period - Wrist shot by Pavel Datsyuk.
11:46 of 2nd period - Stopped by Jonathan Quick without a rebound.
11:47 of 2nd period - Daniel Briere wins face-off versus Pavel Datsyuk in Nordiques zone.
11:52 of 2nd period - Mike Commodore is hit by Marek Svatos.
12:12 of 2nd period - Backhand shot by Chris Drury.
12:12 of 2nd period - Shot Misses the Net.
12:18 of 2nd period - Wrist shot by Vladimir Tarasenko.
12:18 of 2nd period - Shot Blocked by Kevin Bieksa.
12:32 of 2nd period - Dustin Byfuglien is hit by Andreas Nodl and loses puck.
12:51 of 2nd period - Mike York is hit by Daniel Briere and loses puck.
13:12 of 2nd period - Wrist shot by Mike York.
13:12 of 2nd period - Stopped by Jonathan Quick with a rebound.
13:14 of 2nd period - Wrist shot by Jan Bulis.
13:14 of 2nd period - Stopped by Jonathan Quick without a rebound.
13:15 of 2nd period - Chris Drury wins face-off versus Pavel Datsyuk in Nordiques zone.
13:15 of 2nd period - Chris Drury is hit by Peter Worrell.
14:25 of 2nd period - Slapshot by Michael Ryder.
14:25 of 2nd period - Stopped by Rick DiPietro without a rebound.
14:26 of 2nd period - Daniel Briere wins face-off versus Pavel Datsyuk in Blue Jackets zone.
14:29 of 2nd period - Slapshot by Marek Svatos.
14:29 of 2nd period - Stopped by Rick DiPietro without a rebound.
14:30 of 2nd period - Pavel Datsyuk wins face-off versus Daniel Briere in Blue Jackets zone.
14:39 of 2nd period - Wrist shot by R.J. Umberger.
14:39 of 2nd period - Goal by R.J. Umberger - Blue Jackets : 3 - Nordiques : 1.
14:40 of 2nd period - Daniel Briere wins face-off versus Pavel Datsyuk in neutral zone.
14:40 of 2nd period - Peter Worrell beats up R.J. Umberger.
14:40 of 2nd period - Penalty to R.J. Umberger for Fighting.
14:40 of 2nd period - Penalty to Peter Worrell for Fighting.
14:41 of 2nd period - Daniel Briere wins face-off versus Pavel Datsyuk in neutral zone.
15:06 of 2nd period - Mike Commodore is hit by Kyle Calder and loses puck.
15:38 of 2nd period - Snap shot by Michael Ryder.
15:38 of 2nd period - Stopped by Rick DiPietro with a rebound.
15:40 of 2nd period - Wrist shot by Ryan Ellis.
15:40 of 2nd period - Shot Blocked by Tim Ramholt.
15:46 of 2nd period - Minor Penalty to Jeff Taffe for Tripping.
15:47 of 2nd period - Daniel Briere wins face-off versus Pavel Datsyuk in Blue Jackets zone.
15:56 of 2nd period - Wrist shot by Jean-Pierre Dumont.
15:56 of 2nd period - Shot Blocked by Martin Havlat.
16:08 of 2nd period - Minor Penalty to Pavel Datsyuk for Holding.
16:09 of 2nd period - Andreas Nodl wins face-off versus Daniel Briere in Blue Jackets zone.
17:35 of 2nd period - Kevin Porter is hit by Daniel Briere and loses puck.
17:46 of 2nd period - Penalty to Jeff Taffe is over, Jeff Taffe is back on ice.
18:08 of 2nd period - Penalty to Pavel Datsyuk is over, Pavel Datsyuk is back on ice.
18:13 of 2nd period - Wrist shot by Kevin Porter.
18:13 of 2nd period - Shot Misses the Net.
18:15 of 2nd period - Snap shot by Kevin Porter.
18:15 of 2nd period - Stopped by Jonathan Quick with a rebound.
18:35 of 2nd period - Snap shot by Pavel Datsyuk.
18:35 of 2nd period - Deflect By Jeff Taffe.
18:35 of 2nd period - Shot Misses the Net.
18:35 of 2nd period - Puck is out of play.
18:36 of 2nd period - Paul Gaustad wins face-off versus Peter Mueller in Nordiques zone.
18:47 of 2nd period - Paul Gaustad is hit by David Booth.
18:51 of 2nd period - Wrist shot by Matt Moulson.
18:51 of 2nd period - Stopped by Rick DiPietro with a rebound.
19:22 of 2nd period - Wrist shot by Daniel Briere.
19:22 of 2nd period - Stopped by Rick DiPietro with a rebound.
Goals for this period are 1 for Blue Jackets vs 1 for Nordiques.
Shots for this period are 10 for Blue Jackets vs 8 for Nordiques.
3rd period
0:01 of 3rd period - Pavel Datsyuk wins face-off versus R.J. Umberger in neutral zone.
0:28 of 3rd period - Snap shot by Vladimir Tarasenko.
0:28 of 3rd period - Shot Misses the Net.
0:46 of 3rd period - Slapshot by Michael Ryder.
0:46 of 3rd period - Shot Blocked by Andreas Nodl.
1:00 of 3rd period - Wrist shot by Andreas Nodl.
1:00 of 3rd period - Stopped by Jonathan Quick without a rebound.
1:01 of 3rd period - Daniel Briere wins face-off versus Pavel Datsyuk in Nordiques zone.
1:25 of 3rd period - Icing by Peter Worrell.
1:26 of 3rd period - Chris Drury wins face-off versus Peter Mueller in Blue Jackets zone.
1:31 of 3rd period - Wrist shot by Kyle Calder.
1:31 of 3rd period - Stopped by Rick DiPietro with a rebound.
1:33 of 3rd period - Snap shot by Kyle Calder.
1:33 of 3rd period - Deflect By Chris Drury.
1:33 of 3rd period - Shot Hit the Post.
1:33 of 3rd period - Puck is out of play.
1:34 of 3rd period - Daniel Briere wins face-off versus Pavel Datsyuk in Blue Jackets zone.
1:49 of 3rd period - Slapshot by R.J. Umberger.
1:49 of 3rd period - Shot Misses the Net.
1:59 of 3rd period - T.J. Fast is hit by David Booth and loses puck.
2:08 of 3rd period - Mike Brown is hit by Chris Drury and loses puck.
2:19 of 3rd period - Snap shot by Jean-Pierre Dumont.
2:19 of 3rd period - Shot Misses the Net.
2:21 of 3rd period - Slapshot by Jean-Pierre Dumont.
2:21 of 3rd period - Goal by Jean-Pierre Dumont - Blue Jackets : 3 - Nordiques : 2.
2:22 of 3rd period - Pavel Datsyuk wins face-off versus Daniel Briere in neutral zone.
3:05 of 3rd period - Minor Penalty to Kyle Calder for High sticking.
3:06 of 3rd period - Pavel Datsyuk wins face-off versus Daniel Briere in Nordiques zone.
3:09 of 3rd period - Snap shot by Pavel Datsyuk.
3:09 of 3rd period - Shot Hit the Post.
3:11 of 3rd period - Slapshot by Pavel Datsyuk.
3:11 of 3rd period - Deflect By Martin Havlat.
3:11 of 3rd period - Shot Blocked by Dustin Byfuglien.
3:11 of 3rd period - Puck is out of play.
3:12 of 3rd period - Pavel Datsyuk wins face-off versus Daniel Briere in Nordiques zone.
4:28 of 3rd period - Tim Ramholt is hit by Paul Gaustad and loses puck.
5:05 of 3rd period - Penalty to Kyle Calder is over, Kyle Calder is back on ice.
5:18 of 3rd period - Michael Ryder is hit by Torey Krug and loses puck.
5:31 of 3rd period - Vladimir Tarasenko is hit by Jan Bulis and loses puck.
5:42 of 3rd period - Antti Miettinen is hit by Jean-Pierre Dumont and loses puck.
5:49 of 3rd period - Wrist shot by Jean-Pierre Dumont.
5:49 of 3rd period - Stopped by Rick DiPietro without a rebound.
5:50 of 3rd period - Daniel Briere wins face-off versus Pavel Datsyuk in Blue Jackets zone.
5:59 of 3rd period - Ryan Ellis is hit by Mike Commodore and loses puck.
7:33 of 3rd period - Kevin Porter is hit by Matt Gilroy and loses puck.
7:57 of 3rd period - Wrist shot by Michael Ryder.
7:57 of 3rd period - Stopped by Rick DiPietro without a rebound.
7:58 of 3rd period - Daniel Briere wins face-off versus Pavel Datsyuk in Blue Jackets zone.
7:59 of 3rd period - Snap shot by Marek Svatos.
7:59 of 3rd period - Shot Misses the Net.
8:00 of 3rd period - Minor Penalty to R.J. Umberger for Roughing.
8:01 of 3rd period - Daniel Briere wins face-off versus Pavel Datsyuk in Nordiques zone.
8:52 of 3rd period - T.J. Fast is hit by Pavel Datsyuk.
10:00 of 3rd period - Penalty to R.J. Umberger is over, R.J. Umberger is back on ice.
10:03 of 3rd period - Slapshot by Vladimir Tarasenko.
10:03 of 3rd period - Stopped by Rick DiPietro without a rebound.
10:04 of 3rd period - Chris Drury wins face-off versus Kevin Porter in Blue Jackets zone.
10:53 of 3rd period - Snap shot by Mike Brown.
10:53 of 3rd period - Stopped by Jonathan Quick with a rebound.
10:55 of 3rd period - Snap shot by Mike Brown.
10:55 of 3rd period - Deflect By David Booth.
10:55 of 3rd period - Shot Blocked by Dustin Byfuglien.
10:55 of 3rd period - Puck is out of play.
10:56 of 3rd period - Daniel Briere wins face-off versus Pavel Datsyuk in Nordiques zone.
11:01 of 3rd period - Slapshot by Ryan Ellis.
11:01 of 3rd period - Shot Blocked by Peter Worrell.
11:03 of 3rd period - Slapshot by Ryan Ellis.
11:03 of 3rd period - Shot Blocked by Kevin Bieksa.
11:03 of 3rd period - Kevin Bieksa from Blue Jackets is injured at 11:03 of 3rd period (Groin).
11:04 of 3rd period - Daniel Briere wins face-off versus Pavel Datsyuk in Blue Jackets zone.
11:13 of 3rd period - Wrist shot by Peter Worrell.
11:13 of 3rd period - Deflect By Pavel Datsyuk.
11:13 of 3rd period - Shot Hit the Post.
11:13 of 3rd period - Puck is out of play.
11:14 of 3rd period - Daniel Briere wins face-off versus Pavel Datsyuk in Nordiques zone.
11:35 of 3rd period - Marek Svatos is hit by Pavel Datsyuk.
11:44 of 3rd period - Slapshot by Mike Commodore.
11:44 of 3rd period - Deflect By Pavel Datsyuk.
11:44 of 3rd period - Shot Misses the Net.
11:44 of 3rd period - Puck is out of play.
11:45 of 3rd period - Chris Drury wins face-off versus Peter Mueller in Nordiques zone.
11:54 of 3rd period - Slapshot by Dustin Byfuglien.
11:54 of 3rd period - Deflect By David Booth.
11:54 of 3rd period - Stopped by Rick DiPietro with a rebound.
12:01 of 3rd period - Minor Penalty to Dustin Byfuglien for Roughing.
12:02 of 3rd period - Pavel Datsyuk wins face-off versus Daniel Briere in Nordiques zone.
13:05 of 3rd period - David Booth is hit by Chris Drury and loses puck.
13:44 of 3rd period - Tim Ramholt is hit by Kyle Calder and loses puck.
14:01 of 3rd period - Penalty to Dustin Byfuglien is over, Dustin Byfuglien is back on ice.
15:07 of 3rd period - Mike Brown is hit by Mark Eaton and loses puck.
15:25 of 3rd period - Icing by Ryan Ellis.
15:26 of 3rd period - Rich Peverley wins face-off versus Peter Mueller in Nordiques zone.
15:39 of 3rd period - Ryan Ellis is hit by Jeff Taffe and loses puck.
15:56 of 3rd period - Snap shot by Pavel Datsyuk.
15:56 of 3rd period - Shot Blocked by Bruno Gervais.
16:04 of 3rd period - Wrist shot by Matt Moulson.
16:04 of 3rd period - Shot Misses the Net.
17:04 of 3rd period - Paul Gaustad is hit by Martin Havlat and loses puck.
17:29 of 3rd period - Snap shot by Mike York.
17:29 of 3rd period - Stopped by Jonathan Quick with a rebound.
18:15 of 3rd period - Martin Havlat is hit by Jean-Pierre Dumont and loses puck.
18:28 of 3rd period - Mike Brown is hit by Kyle Calder and loses puck.
18:51 of 3rd period - Mike York is hit by Marek Svatos and loses puck.
19:25 of 3rd period - Wrist shot by Martin Havlat.
19:25 of 3rd period - Stopped by Jonathan Quick without a rebound.
19:26 of 3rd period - Claude Noel call a timeout for Nordiques.
19:26 of 3rd period - Daniel Briere wins face-off versus Pavel Datsyuk in Nordiques zone.
19:36 of 3rd period - Slapshot by A.J Thelen.
19:36 of 3rd period - Deflect By Martin Havlat.
19:36 of 3rd period - Shot Blocked by Ryan Ellis.
19:36 of 3rd period - Puck is out of play.
19:37 of 3rd period - Daniel Briere wins face-off versus Pavel Datsyuk in Nordiques zone.
19:47 of 3rd period - Nordiques, Jonathan Quick is pulled from the net.
Goals for this period are 0 for Blue Jackets vs 1 for Nordiques.
Shots for this period are 4 for Blue Jackets vs 6 for Nordiques.
Back to the Top